 Dungeon Crawl Stone Soup version 0.29-a0-892-g2c4c91d9db (webtiles) character file.

Game seed: 5980792985548256856

469 IdlyInterested the Trooper (level 6, -4/50 HPs)
             Began as a Demonspawn Wanderer on July 22, 2022.
             Slain by a kobold brigand
             ... wielding a +0 short sword of distortion
              (21 damage)
             ... on level 4 of the Dungeon.
             The game lasted 00:14:16 (3557 turns).

IdlyInterested the Trooper (Demonspawn Wanderer)    Turns: 3557, Time: 00:14:18

Health: -4/50      AC:  6    Str: 11    XL:     6   Next: 82%
Magic:  7/7        EV: 12    Int: 13    God:
Gold:   198        SH:  3    Dex: 16    Spells: 7/7 levels left

rFire   . . .      SeeInvis .   l - +0 short sword
rCold   . . .      Faith    .   j - +0 buckler
rNeg    . . .      Spirit   .   a - +0 troll leather armour {Pargi}
rPois   .          Reflect  .   (no helmet)
rElec   .          Harm     .   (no cloak)
rCorr   .          Rampage  .   (no gloves)
Will    .....                   (no boots)
Stlth   ++........              i - amulet of regeneration
HPRegen 1.76/turn               (no ring)
MPRegen 0.10/turn               (no ring)

@: no status effects
A: yellow scales 1, foul stench 1, weakness stinger 1
a: no special abilities


You were on level 4 of the Dungeon.
You visited 2 branches of the dungeon, and saw 5 of its levels.

You collected 198 gold pieces.

Inventory:

Hand Weapons
 l - a +0 short sword (weapon)
Armour
 a - a +0 troll leather armour (worn) {Pargi}
 j - a +0 buckler (worn)
Jewellery
 i - an amulet of regeneration (around neck)
Wands
 b - a wand of paralysis (4)
 e - a wand of flame (24) (quivered)
Scrolls
 d - 3 scrolls of fear
 o - a scroll of teleportation
Potions
 c - 3 potions of haste
 g - a potion of flight
 n - a potion of attraction


   Skills:
 * Level 4.9 Fighting
 + Level 2.4 Short Blades
 - Level 2.0 Ranged Weapons
 - Level 1.0 Throwing
 - Level 1.0 Armour
 + Level 3.2 Dodging
 - Level 1.0 Stealth
 - Level 1.0 Spellcasting
 - Level 4.0 Evocations


You had 7 spell levels left.
You didn't know any spells.
Your spell library contained the following spells:

 Spells                   Type           Power      Damage    Failure   Level
 Beastly Appendage        Tmut           0%         N/A       45%         1
 Freeze                   Ice            0%         1d3       45%         1
 Wereblood                Tmut           0%         N/A       58%         2
 Frozen Ramparts          Ice            0%         1d2       83%         3
 Spider Form              Tmut/Pois      0%         N/A       83%         3
 Hailstorm                Conj/Ice       0%         3d3       99%         4


Dungeon Overview and Level Annotations

Branches:
Dungeon (4/15)             Temple (1/1) D:4

Altars:
Ashenzari
Cheibriados
Dithmenos
Fedhas
Gozag
Hepliaklqana
Makhleb
Nemelex Xobeh
Okawaru
Qazlal
Ru
Sif Muna
Trog
Uskayaw
Vehumet
Wu Jian
Xom
Yredelemnul

Shops:
D:1 !

Portals:
Abyss: D:4

Annotations:
D:4 1 transporter, bchevrier's ghost, amateur GnWn


Innate Abilities, Weirdness & Mutations

You are partially covered in yellow scales. (AC +2)
You may rarely emit foul miasma when damaged in melee.
You have a small tail.


Message History

The small abomination is lightly damaged.
The small abomination barely misses you.
You hit the small abomination.
Your tail-slap misses the small abomination.
The small abomination is moderately damaged.
The small abomination barely misses you.
The small abomination hits you but does no damage.
You barely miss the small abomination.
The small abomination is moderately damaged.
The small abomination hits you!
You hit the small abomination but do no damage.
The small abomination is moderately damaged.
The small abomination hits you.
You hit the small abomination.
The small abomination is moderately damaged.
You block the small abomination's attack. x2
You hit the small abomination.
The small abomination is heavily damaged.
The small abomination closely misses you.
The kobold brigand barely misses you.
You hit the small abomination but do no damage.
Your tail-slap misses the small abomination.
The small abomination is heavily damaged.
The small abomination barely misses you.
The kobold brigand hits you with a +0 short sword of distortion.
The small abomination hits you!
You closely miss the small abomination.
Your tail-slap misses the small abomination.
The small abomination is heavily damaged.
The small abomination hits you! The kobold brigand closely misses you.
You barely miss the small abomination.
The small abomination is heavily damaged.
The small abomination barely misses you.
The kobold brigand barely misses you.
You hit the small abomination but do no damage.
The small abomination is heavily damaged.
The small abomination hits you.
The kobold brigand hits you but does no damage.
Space warps horribly around you!!
You die...

#...#..#..#W.....##..### #
#..##.##..##.?###.#....###
#..#..##...###.#.##.......
#.[#.#.##....#..##........
#..##,..###.##..##........
#...###∩#.###..#.##.......
#.....#©##.(.#^#..#.......
#....##.##x#..##.##.......
#...##...@K.#.#.##........
#..##.#.####.##.#....#####
#..#....#.©##,.x##....###
#..##.###...###..#......##
#...###.......####........
#....................#.##.
#....................#....
######.#.####.###.........
#....................


You could see a kobold brigand and a small abomination.

Vanquished Creatures
  Pargi (D:4)
  An ogre (D:4)
  A scorpion (D:2)
  2 iguanas (D:4)
  8 adders
  4 gnolls (D:2)
  2 dart slugs
  7 orcs (D:4)
  6 bats
  4 endoplasms
  3 giant cockroaches
  7 goblins
  2 hobgoblins
  4 jackals (D:1)
  6 quokkas
  5 ball pythons
  A frilled lizard (D:1)
  5 kobolds
  5 rats
74 creatures vanquished.

Notes
Turn   | Place    | Note
-------+----------+-------------------------------------------
     0 | D:1      | IdlyInterested the Demonspawn Wanderer began the quest for
                  | the Orb.
     0 | D:1      | IdlyInterested set off with the following items: a +0
                  | sling, a wand of paralysis (10), a +0 cloak, a scroll of
                  | fear, a +0 robe.
     0 | D:1      | Reached XP level 1. HP: 15/15 MP: 2/2
   370 | D:1      | Gained mutation: You are partially covered in yellow
                  | scales. (AC +2) [demonic ancestry]
   370 | D:1      | Reached XP level 2. HP: 21/21 MP: 3/3
   498 | D:1      | Found a faded altar of an unknown god.
   500 | D:1      | Found Vuve's Distillery.
   525 | D:1      | Reached skill level 1 in Dodging
   932 | D:1      | Gained mutation: You may rarely emit foul miasma when
                  | damaged in melee. [demonic ancestry]
   932 | D:1      | Reached XP level 3. HP: 27/27 MP: 4/4
  1471 | D:2      | Reached skill level 1 in Throwing
  1483 | D:2      | Noticed a scorpion
  1488 | D:2      | Killed a scorpion
  1489 | D:2      | Reached XP level 4. HP: 21/35 MP: 5/5
  1493 | D:2      | Reached skill level 1 in Short Blades
  1549 | D:2      | Gained mutation: You have a small tail. [demonic ancestry]
  1549 | D:2      | Reached XP level 5. HP: 41/41 MP: 6/6
  3002 | D:4      | Found a transporter.
  3045 | D:4      | Found an opulent altar of Gozag.
  3046 | D:4      | Found a sparkling altar of Nemelex Xobeh.
  3065 | D:4      | Found a one-way gate to the infinite horrors of the Abyss.
  3065 | D:4      | Noticed bchevrier's ghost (amateur GnWn)
  3079 | D:4      | Found a transporter.
  3137 | D:4      | Reached XP level 6. HP: 43/48 MP: 7/7
  3146 | D:4      | Found a shimmering altar of Xom.
  3153 | D:4      | Noticed Pargi
  3194 | D:4      | Killed Pargi
  3320 | D:4      | Found a staircase to the Ecumenical Temple.
  3326 | Temple   | Entered the Ecumenical Temple
  3557 | D:4      | Slain by a kobold brigand

Illustrated notes

Levels and vault maps discovered:
D:1:      matt_arrival_diagonals, layout_basic, serial_shops, shop,
          shapermc_ecumenical_altar_pompeii
D:2:      layout_loops_ring
D:3:      layout_basic
D:4:      layout_rooms, mainiacjoe_overflow_boulevard,
          grunt_temple_overflow_opulence, minmay_temple_entry_fiery,
          gammafunk_ghost_abyssal_escape, kennysheep_generic_room_7, uniq_pargi
Temple:   compressed_dpeg_circular_temple

Skill      XL: |  1  2  3  4  5  6 |
---------------+-------------------+-----
Ranged Weapons | 2 |  2.0
Dodging        | 1 2 3 |  3.2
Fighting       | 2 3 4 |  4.9
Throwing       | 1 |  1.0
Short Blades   | 1 2 |  2.4
Armour         | |  1.0
Stealth        | |  1.0
Spellcasting   | |  1.0
Evocations     | |  4.0

Action                   |  1- 3 |  4- 6 || total
-------------------------+-------+-------++-------
Melee: Short sword       |    51 |   180 ||   231
       Tailslap          |       |    30 ||    30
 Fire: Sling             |    98 |       ||    98
Evoke: Wand              |     2 |     9 ||    11
  Use: Scroll            |     3 |     4 ||     7
       Potion            |     1 |     3 ||     4
 Stab: Paralysed         |     2 |    13 ||    15
       Sleeping          |     1 |     1 ||     2
Armor: Robe              |    22 |       ||    22
       Leather armour    |    31 |       ||    31
       Scale mail        |       |    46 ||    46
       Ring mail         |       |    24 ||    24
       Troll leather arm |       |     7 ||     7
Dodge: Dodged            |   104 |    79 ||   183
Block: Buckler           |       |    31 ||    31

Table legend: (Time is in decaauts)
 A = Elapsed time spent in this place.
 B = Non-inter-level travel time spent in this place.
 C = Inter-level travel time spent in this place.
 D = Time resting spent in this place.
 E = Time spent auto-exploring this place.
 F = Levels seen in this place.
 G = Mean time per level.
                   A        B        C        D        E       F      G
               +--------+--------+--------+--------+--------+-----+--------+
         Total |   3588 |   3189 |    399 |    478 |   1820 |   5 |  717.6 |
       Dungeon |   3499 |   3100 |    399 |    478 |   1762 |   4 |  874.8 |
        Temple |     88 |     88 |      0 |      0 |     58 |   1 |   88.0 |
               +--------+--------+--------+--------+--------+-----+--------+

Top non-repeatable levels by time:
     D:1: 1263 daAuts
     D:2: 951 daAuts
     D:3: 733 daAuts
     D:4: 551 daAuts
  Temple: 88 daAuts
